 Dungeon Sprint DCSS version 0.29-a0-1033-gb6c65ffae6 (webtiles) character file.

Game seed: 171936895957293798

6325 mhtbhm the Sorcerer (level 10, -2/53 HPs)
             Began as a Deep Elf Fire Elementalist on Aug 14, 2022.
             Was the Champion of Vehumet.
             Slain by Harold
             ... wielding a +1 dire flail of distortion
              (9 damage)
             ... in the Dungeon (Sprint III: "The Ten Rune Challenge").
             The game lasted 00:07:58 (2098 turns).

mhtbhm the Sorcerer (Deep Elf Fire Elementalist)    Turns: 2098, Time: 00:07:59

Health: -2/53      AC:  8    Str: 12    XL:     10   Next: 64%
Magic:  19/37      EV: 15    Int: 25    God:    Vehumet [******]
Gold:   959        SH:  0    Dex: 15    Spells: 28/51 levels left

rFire   + . .      SeeInvis +   l - +4 quarterstaff (chaos)
rCold   . . .      Faith    .   (shield currently unavailable)
rNeg    . . .      Spirit   .   a - +2 robe {rF+}
rPois   +          Reflect  .   h - +0 helmet
rElec   +          Harm     .   k - +0 cloak
rCorr   .          Rampage  .   (no gloves)
Will    +....      NoTele   +   (no boots)
Stlth   +++.......              (no amulet)
HPRegen 0.17/turn               s - ring of Sakh {Drain rElec rPois Str+7}
MPRegen 0.25/turn               (no ring)

@: no status effects
A: iridescent scales 1, see invisible, MP-powered wands
a: Renounce Religion


You were in the Dungeon.
You worshipped Vehumet.
Vehumet was exalted by your worship.
You visited 1 branch You collected 1829 gold pieces.
You spent 870 gold pieces at shops.

Inventory:

Hand Weapons
 l - a +4 quarterstaff of chaos (weapon)
Armour
 a - a +2 robe of fire resistance (worn)
 h - a +0 helmet (worn)
 k - a +0 cloak (worn)
Jewellery
 s - the ring of Sakh (left hand) {Drain rElec rPois Str+7}
   (You acquired it in the Dungeon)

   [ring of poison resistance]

   Str:       It affects your strength (+7).
   rElec:     It insulates you from electricity.
   rPois:     It protects you from poison.
   Drain:     It drains your maximum health when unequipped.
Wands
 i - a wand of roots (9)
 j - a wand of flame (4)
 m - a wand of paralysis (5)
Scrolls
 g - 2 scrolls of blinking
 n - 2 scrolls of immolation {unknown}
 o - 2 scrolls of identify
 q - a scroll of enchant weapon {unknown}
Potions
 b - 2 potions of magic
 c - a potion of curing
 d - 2 potions of heal wounds
 e - a potion of haste
 f - a potion of berserk rage
 p - 2 potions of degeneration {unknown}
Miscellaneous
 r - a tin of tremorstones (2/2)


   Skills:
 + Level 1.9 Fighting
 + Level 7.1 Dodging
 + Level 5.4 Stealth
 + Level 21.2 Spellcasting
 + Level 7.1 Conjurations
 + Level 18.5 Fire Magic


You had 28 spell levels left.
You knew the following spells:

 Your Spells              Type           Power      Damage    Failure   Level
a - Foxfire               Conj/Fire      100%       2x1d9     0%          1
b - Scorch                Fire           100%       2d10      0%          2
c - Conjure Flame         Conj/Fire      74%        6-21      1%          3
d - Inner Flame           Hex/Fire       64%        N/A       1%          3
e - Flame Wave            Conj/Fire      74%        2d16      1%          4
f - Passwall              Tmut/Erth      21%        N/A       2%          2
g - Swiftness             Air            26%        N/A       4%          3
h - Fireball              Conj/Fire      37%        3d15      1%          5

Your spell library contained the following spells:

 Spells                   Type           Power      Damage    Failure   Level
 Starburst                Conj/Fire      37%        6d11      1%          6
 Ensorcelled Hibernation  Hex/Ice        52%        N/A       2%          2


Dungeon Overview and Level Annotations

Branches:
Dungeon (1/1)

Altars:
Cheibriados
Dithmenos
Elyvilon
Fedhas
Gozag
Hepliaklqana
Kikubaaqudgha
Makhleb
Nemelex Xobeh
Okawaru
Qazlal
Ru
Sif Muna
Trog
Uskayaw
Vehumet
Wu Jian
Xom
Yredelemnul
Zin
The Shining One
Jiyva
Lugonu

Shops:
D ?

Annotations:
D Harold, Joseph


Innate Abilities, Weirdness & Mutations

You are partially covered in iridescent scales. (AC +2)
You have supernaturally acute eyesight. (SInv)
You expend magic power (3 MP) to strengthen your wands.


Message History

Flames lash Joseph.
Joseph is burned terribly!
Joseph is moderately wounded.
Harold gestures wildly while chanting.
Harold is healed somewhat.
Unknown command.
Unknown command.
Casting: Scorch (safe; 0% risk of failure)
Confirm with . or Enter, or press ? or * to list all spells.
Flames lash Joseph.
Joseph is burned terribly!
Joseph is heavily wounded.
Joseph throws a curare-tipped dart.
The curare-tipped dart hits you.
Unknown command.
Casting: Scorch (safe; 0% risk of failure)
Confirm with . or Enter, or press ? or * to list all spells.
Casting: Flame Wave (safe; 1% risk of failure)
Press: ? - help, Dir - look around, f - activate A wave of flame ripples out! (Press . to intensify the flame waves.)
A wave of flame ripples out!
The flame wave engulfs Harold!!
Harold is severely wounded.
Unknown command.
A wave of flame ripples out!
The flame wave engulfs Joseph!!
Joseph is burned terribly!
Joseph is heavily wounded.
The flame wave engulfs Harold!
Harold is severely wounded.
A wave of flame ripples out!
The flame wave engulfs Joseph!!
Joseph is burned terribly!
Joseph is almost dead.
The flame wave engulfs Harold!
Harold is almost dead.
The flame wave engulfs the plant!!
The plant begins to die.
The plant is lightly damaged.
You finish channelling waves of flame.
Joseph hits you with a +0 quarterstaff of freezing!
* * * LOW HITPOINT WARNING * * *
Joseph freezes you!
* * * LOW HITPOINT WARNING * * *
Harold hits you with a +1 dire flail of distortion!
You die...

#.[[)....## #..)[.....#
#.#([.#.### #.##[.###
#'###########################
#....#.#.#.....#.^....'.†.~≈#
##.#).#.##.###.#^.^...#††.~≈#
'##.#.#.##.#.[##......#††.~≈≈≈
#.).#..#..##..'^@..^..#..†~~~~
▓▓▓▓▓▓▓▓▓▓▓▓▓▓#.@@....#.......
........~~~...#.....^.#.......
≈≈≈≈≈≈≈≈≈≈♣♣P.'.......#.......
♣♣♣♣♣♣♣♣♣♣♣♣PP#.^.^^.^########
♣♣♣##'###### #...+ #...# #...#


You could see Harold and Joseph (combustible).

Vanquished Creatures
  Erolcha (D)
  An orc high priest (D)
  A deep elf pyromancer (D)
  An orc sorcerer (D)
  3 wandering mushrooms (D)
  A queen bee (D)
  A shadow (D)
  2 redbacks (D)
  A spatial vortex (D)
  An orc warrior (D)
  5 two-headed ogres (D)
  A necrophage (D)
  A water elemental (D)
  32 killer bees (D)
  A jelly (D)
  Crazy Yiuf (D)
  An orc priest (D)
  Jessica (D)
  A wizard (D)
  6 orc wizards (D)
  A necromancer (D)
  A kobold demonologist (D)
  3 humans (D)
  8 orcs (D)
  An endoplasm (D)
  2 rats (D)
79 creatures vanquished.

Vanquished Creatures (others)
  16 foxfires (D)
16 creatures vanquished.

Grand Total: 95 creatures vanquished

Notes
Turn   | Place    | Note
-------+----------+-------------------------------------------
     0 | D        | mhtbhm the Deep Elf Fire Elementalist began the quest for
                  | the Orb.
     0 | D        | Reached XP level 1. HP: 10/10 MP: 6/6
    58 | D        | Noticed Jessica
    63 | D        | Killed Jessica
    64 | D        | Reached skill level 4 in Spellcasting
    64 | D        | Reached XP level 2. HP: 13/15 MP: 1/9
    64 | D        | Reached XP level 3. HP: 16/19 MP: 1/10
   139 | D        | Noticed Crazy Yiuf
   146 | D        | Learned a level 2 spell: Scorch
   150 | D        | Learned a level 3 spell: Conjure Flame
   154 | D        | Learned a level 3 spell: Inner Flame
   161 | D        | Killed Crazy Yiuf
   162 | D        | Reached skill level 5 in Spellcasting
   167 | D        | Reached XP level 4. HP: 19/24 MP: 8/13
   239 | D        | Gained mutation: You are frail. (-10% HP) [potion of
                  | mutation]
   240 | D        | Lost mutation: You are frail. (-10% HP) [potion of
                  | mutation]
   240 | D        | Gained mutation: You are weak. (Str -2) [potion of
                  | mutation]
   243 | D        | Lost mutation: You are weak. (Str -2) [potion of mutation]
   243 | D        | Gained mutation: You are partially covered in iridescent
                  | scales. (AC +2) [potion of mutation]
   243 | D        | Gained mutation: You have supernaturally acute eyesight.
                  | (SInv) [potion of mutation]
   243 | D        | Gained mutation: You expend magic power (3 MP) to
                  | strengthen your wands. [potion of mutation]
   267 | D        | Noticed a water elemental
   269 | D        | Killed a water elemental
   270 | D        | Reached skill level 7 in Spellcasting
   314 | D        | Found a radiant altar of Vehumet.
   314 | D        | Found a shimmering blue altar of Sif Muna.
   314 | D        | Found an ancient bone altar of Kikubaaqudgha.
   314 | D        | Noticed a wizard
   316 | D        | Killed a wizard
   317 | D        | Reached XP level 5. HP: 28/28 MP: 12/17
   318 | D        | Reached skill level 8 in Spellcasting
   325 | D        | Learned a level 4 spell: Flame Wave
   330 | D        | Became a worshipper of Vehumet
   438 | D        | Learned a level 2 spell: Passwall
   442 | D        | Learned a level 3 spell: Swiftness
   444 | D        | Found a glowing silver altar of Zin.
   445 | D        | Found a glowing golden altar of the Shining One.
   445 | D        | Found a white marble altar of Elyvilon.
   445 | D        | Noticed a deep elf pyromancer
   448 | D        | Killed a deep elf pyromancer
   449 | D        | Reached skill level 5 in Dodging
   449 | D        | Reached skill level 5 in Stealth
   449 | D        | Reached skill level 11 in Spellcasting
   449 | D        | Reached XP level 6. HP: 32/32 MP: 11/22
   449 | D        | Reached XP level 7. HP: 36/36 MP: 12/24
   510 | D        | Found a hide-covered altar of Uskayaw.
   510 | D        | Found an iron altar of Okawaru.
   510 | D        | Found a bloodstained altar of Trog.
   510 | D        | Found an ornate altar of the Wu Jian Council.
   510 | D        | Noticed a human
   510 | D        | Noticed a human
   515 | D        | Killed a human
   515 | D        | Killed a human
   515 | D        | Reached * piety under Vehumet
   515 | D        | Offered knowledge of Shock by Vehumet.
   516 | D        | Reached skill level 13 in Spellcasting
   572 | D        | Noticed a shadow
   574 | D        | Killed a shadow
   575 | D        | Reached XP level 8. HP: 41/41 MP: 19/27
   626 | D        | Found a basalt altar of Yredelemnul.
   626 | D        | Found a shadowy altar of Dithmenos.
   626 | D        | Found a sacrificial altar of Ru.
   629 | D        | Reached ** piety under Vehumet
   630 | D        | Reached skill level 14 in Spellcasting
   785 | D        | Found a blossoming altar of Fedhas.
   785 | D        | Found a stormy altar of Qazlal.
   786 | D        | Found a snail-covered altar of Cheibriados.
   786 | D        | Found a burning altar of Makhleb.
   786 | D        | Found a hazy altar of Hepliaklqana.
   786 | D        | Found a shimmering altar of Xom.
   786 | D        | Found an opulent altar of Gozag.
   786 | D        | Found a sparkling altar of Nemelex Xobeh.
   786 | D        | Found a corrupted altar of Lugonu.
   786 | D        | Found a viscous altar of Jiyva.
   801 | D        | Offered knowledge of Freeze by Vehumet.
   927 | D        | Reached *** piety under Vehumet
   931 | D        | Reached skill level 15 in Spellcasting
  1123 | D        | Noticed a two-headed ogre
  1136 | D        | Killed a two-headed ogre
  1136 | D        | Offered knowledge of Dazzling Flash by Vehumet.
  1137 | D        | Reached skill level 5 in Conjurations
  1137 | D        | Reached skill level 15 in Fire Magic
  1380 | D        | Noticed a two-headed ogre
  1380 | D        | Noticed Erolcha
  1386 | D        | Killed Erolcha
  1386 | D        | Offered knowledge of Sticky Flame by Vehumet.
  1387 | D        | Reached skill level 1 in Fighting
  1387 | D        | Reached skill level 16 in Spellcasting
  1387 | D        | Reached XP level 9. HP: 38/47 MP: 19/31
  1389 | D        | Killed a two-headed ogre
  1390 | D        | Reached skill level 17 in Spellcasting
  1392 | D        | Reached **** piety under Vehumet
  1584 | D        | Offered knowledge of Fireball by Vehumet.
  1622 | D        | Noticed a wandering mushroom
  1626 | D        | Noticed a wandering mushroom
  1631 | D        | Killed a wandering mushroom
  1632 | D        | Reached skill level 18 in Spellcasting
  1634 | D        | Noticed a wandering mushroom
  1638 | D        | Killed a wandering mushroom
  1646 | D        | Killed a wandering mushroom
  1646 | D        | Reached ***** piety under Vehumet
  1725 | D        | Learned a level 5 spell: Fireball
  1756 | D        | Offered knowledge of Ozocubu's Refrigeration by Vehumet.
  1759 | D        | Reached skill level 19 in Spellcasting
  1759 | D        | Reached ****** piety under Vehumet
  1760 | D        | Reached XP level 10. HP: 45/52 MP: 33/35
  1765 | D        | Reached skill level 20 in Spellcasting
  1911 | D        | Found Fieffe's Magic Scroll Emporium.
  1911 | D        | Noticed an orc sorcerer
  1911 | D        | Noticed an orc high priest
  1913 | D        | Offered knowledge of Starburst by Vehumet.
  1915 | D        | Killed an orc high priest
  1918 | D        | Killed an orc sorcerer
  1919 | D        | Reached skill level 21 in Spellcasting
  1981 | D        | Bought a scroll of blinking for 97 gold pieces
  1981 | D        | Bought a scroll of blinking for 97 gold pieces
  1981 | D        | Bought a scroll of acquirement for 676 gold pieces
  1981 | D        | Acquired the ring of Sakh {Drain rElec rPois Str+7}
  2084 | D        | Noticed Joseph
  2085 | D        | Noticed Harold
  2098 | D        | Slain by Harold

Illustrated notes

Levels and vault maps discovered:
D:        dungeon_sprint_mu [sprint_mu_entry_cave, sprint_mu_temple_rooms,
          sprint_mu_d1_spiders, sprint_mu_d2_genie, sprint_mu_d3_branching,
          sprint_mu_orc_legion, sprint_mu_elf_gauntlet, sprint_mu_hive_nellie,
          sprint_mu_lair_fedhas, sprint_mu_vaults_butterflies,
          sprint_mu_slime_circle, sprint_mu_swamp_cave, sprint_mu_snake_twists,
          sprint_mu_blade_basic, sprint_mu_crypt_lich, sprint_mu_tomb_spiral,
          sprint_mu_vestibule_basic, sprint_mu_gehenna_hellfire,
          sprint_mu_dis_giant, sprint_mu_tartarus_statrot,
          sprint_mu_cocytus_islands, sprint_mu_zot1]

Skill      XL: |  1  2  3  4  5  6  7  8  9 10 |
---------------+-------------------------------+-----
Fire Magic     | 6 7 9 12 13 15 17 18 | 18.5
Dodging        | 3 4 5 6 7 |  7.1
Stealth        | 3 4 5 |  5.4
Spellcasting   | 4 5 7 11 13 16 19 21 | 21.2
Conjurations   | 2 3 4 5 6 7 |  7.1
Fighting       | 1 |  1.9

Action                   |  1- 3 |  4- 6 |  7- 9 | 10-12 || total
-------------------------+-------+-------+-------+-------++-------
Melee: Quarterstaff      |       |       |     1 |       ||     1
 Cast: Foxfire           |    10 |       |       |     1 ||    11
       Scorch            |     6 |     8 |    37 |     4 ||    55
       Flame Wave        |       |       |    13 |     6 ||    19
  Use: Potion            |     1 |     3 |       |     1 ||     5
       Scroll            |       |       |       |     2 ||     2
Armor: Robe              |       |       |     1 |     4 ||     5
Dodge: Dodged            |     4 |       |    24 |     9 ||    37

Table legend: (Time is in decaauts)
 A = Elapsed time spent in this place.
 B = Non-inter-level travel time spent in this place.
 C = Inter-level travel time spent in this place.
 D = Time resting spent in this place.
 E = Time spent auto-exploring this place.
 F = Levels seen in this place.
 G = Mean time per level.
                   A        B        C        D        E       F      G
               +--------+--------+--------+--------+--------+-----+--------+
         Total |   2103 |   2103 |      0 |   1457 |     79 |   1 | 2103.0 |
       Dungeon |   2103 |   2103 |      0 |   1457 |     79 |   1 | 2103.0 |
               +--------+--------+--------+--------+--------+-----+--------+

Top non-repeatable levels by time:
       D: 2103 daAuts
